 Dungeon Crawl Stone Soup version 0.30-a0-918-g0ff054e9dc (webtiles) character file.

Game seed: 4655516396875642489

445 bande the Trooper (level 7, 0/44 HPs)
             Began as a Gargoyle Fighter on Mar 21, 2023.
             Killed from afar by Dowan (14 damage)
             ... with a shard of ice
             ... on level 4 of the Dungeon.
             The game lasted 00:05:01 (2333 turns).

bande the Trooper (Gargoyle Fighter)                Turns: 2333, Time: 00:05:02

Health: 0/44       AC: 15    Str: 19    XL:     7   Next: 3%
Magic:  7/7        EV:  7    Int:  9    God:
Gold:   130        SH:  4    Dex: 11    Spells: 4/6 levels left

rFire   . . .      SeeInvis .    a - +0 war axe
rCold   . . .      Faith    .    c - +0 buckler
rNeg    + . .      Spirit   .    g - +0 chain mail
rPois   ∞          Reflect  .    s - +0 helmet
rElec   +          Rampage  .    (no cloak)
rCorr   .                        (no gloves)
Will    .....                    (no boots) Stlth
                                 (no amulet)
HPRegen 0.27/turn                h - +4 ring of slaying
MPRegen 0.10/turn                (no ring)

@: no status effects
A: sickness immunity, AC +4, negative energy resistance 1, electricity
resistance, torment resistance 1, petrification resistance
a: no special abilities


You were on level 4 of the Dungeon.
You visited 1 branch of the dungeon, and saw 4 of its levels.

You collected 130 gold pieces.

Inventory:

Hand Weapons
 a - a +0 war axe (weapon)
 k - a +0 flail
Armour
 c - a +0 buckler (worn)
 g - a +0 chain mail (worn)
 s - a +0 helmet (worn)
Jewellery
 h - a +4 ring of slaying (left hand)
 o - an amulet of magic regeneration
Scrolls
 i - 3 scrolls of blinking
 l - a scroll of fear
 q - a scroll of fog
Potions
 b - 2 potions of mutation
 d - 2 potions of might
 e - a potion of flight {unknown}
 f - 2 potions of ambrosia
 j - a potion of heal wounds
 n - a potion of curing {unknown}


   Skills:
 + Level 4.6 Fighting
 + Level 4.5 Axes
 + Level 4.3 Armour
 + Level 4.2 Shields
 * Level 1.9 Translocations


You had 4 spell levels left.
You knew the following spells:

 Your Spells              Type           Power      Damage    Failure   Level
a - Blink                 Tloc           6%         N/A       99%         2

Your spell library contained the following spells:

 Spells                   Type           Power      Damage    Failure   Level
 Lesser Beckoning         Tloc           6%         N/A       99%         2
 Momentum Strike          Conj/Tloc      2%         3d8       99%         2
 Inner Flame              Hex/Fire       0%         N/A       100%        3
 Cause Fear               Hex            0%         N/A       100%        4
 Flame Wave               Conj/Fire      0%         2d4       100%        4
 Sticky Flame             Conj/Fire      0%         2d3       100%        4
 Dragon Form              Tmut           0%         N/A       100%        7
 Dragon's Call            Summ           0%         N/A       100%        9


Dungeon Overview and Level Annotations

Branches:
Dungeon (4/15)
 Temple: D:4-7

Altars:
Fedhas
Uskayaw
The Shining One

Shops:
D:1 [

Annotations:
D:4 Dowan


Innate Abilities, Weirdness & Mutations

You are immune to sickness and miasma.
Your stone body is resilient. (AC +4)
You are immune to poison.
You resist negative energy. (rN+)
You are resistant to electric shocks. (rElec)
You are resistant to unholy torment.
You are immune to petrification.


Message History

Dowan casts a spell.
Dowan blinks!
You block Duvessa's attack.
You hit Duvessa.
Duvessa is lightly wounded.
Duvessa barely misses you. Duvessa hits you but does no damage.
You slash Duvessa!
Duvessa is heavily wounded.
Dowan gestures wildly while chanting.
Dowan blinks!
Duvessa hits you with a +0 short sword! x2
You slash Duvessa!
Duvessa is severely wounded.
Duvessa hits you but does no damage. Duvessa hits you with a +0 short sword.
You completely miss Duvessa.
Duvessa is severely wounded.
Duvessa hits you with a +0 short sword. x2
You are too injured to fight recklessly!
You are too injured to fight recklessly!
You are too injured to fight recklessly!
You are too injured to fight recklessly!
You are too injured to fight recklessly!
You are too injured to fight recklessly!
You are too injured to fight recklessly!
You are too injured to fight recklessly!
You are too injured to fight recklessly!
You are too injured to fight recklessly!
You slash Duvessa!
Duvessa is almost dead.
Duvessa hits you but does no damage. Duvessa hits you with a +0 short sword.
* * * LOW HITPOINT WARNING * * *
Dowan says, "My weaknesses are her strengths!"
You slash Duvessa!
You kill Duvessa!
Dowan's eyes darken. "You have made a black mistake."
Dowan seems to find hidden reserves of power!
Dowan casts a spell.
Dowan blinks!
You have reached level 7!
Dowan points at you and mumbles some strange words.
The shard of ice hits you!
You die...

.....# #.# .....#
#.# .## .###.#
#.## ..# .....#
#..# #§# .#####
##.# #.#
...#######.# #.#
.#.........## #e#
.########.[.# #.#
.# ##..# #@#
.#########..####?#
.................#
.###†#####..######
......†)........
~≈....~~~~~~~~~~
≈~....~≈≈≈≈≈≈~~≈
≈~....~≈~≈~~~≈~~
................


You could see Dowan (fast).

Vanquished Creatures
  Duvessa (D:4)
  A scorpion (D:4)
  A hound (D:3)
  Jessica (D:2)
  Terence (D:2)
  An iguana (D:4)
  Robin (D:4)
  9 adders
  A gnoll (D:4)
  A dart slug (D:1)
  An orc (D:4)
  A bat (D:1)
  7 endoplasms
  18 goblins
  8 hobgoblins
  6 jackals
  6 kobolds
  A quokka (D:1)
  8 ball pythons
  A frilled lizard (D:1)
  5 rats
80 creatures vanquished.

Notes
Turn   | Place    | Note
-------+----------+-------------------------------------------
     0 | D:1      | bande the Gargoyle Fighter began the quest for the Orb.
     0 | D:1      | Reached XP level 1. HP: 14/14 MP: 1/1
    27 | D:1      | Found Lalent's Antique Armour Boutique.
   179 | D:1      | Reached XP level 2. HP: 18/19 MP: 2/2
   532 | D:2      | Noticed Jessica
   538 | D:2      | Killed Jessica
   539 | D:2      | Reached XP level 3. HP: 23/24 MP: 3/3
   565 | D:2      | Reached XP level 4. HP: 29/29 MP: 4/4
   677 | D:2      | Noticed Terence
   685 | D:2      | Killed Terence
  1136 | D:3      | Learned a level 2 spell: Blink
  1159 | D:3      | Found a blossoming altar of Fedhas.
  1349 | D:3      | Found a glowing golden altar of the Shining One.
  1471 | D:3      | Reached XP level 5. HP: 32/33 MP: 5/5
  1512 | D:3      | Found a hide-covered altar of Uskayaw.
  1703 | D:4      | Noticed Robin
  1980 | D:4      | Killed Robin
  2016 | D:4      | Reached skill level 1 in Translocations
  2101 | D:4      | Reached XP level 6. HP: 39/39 MP: 6/6
  2317 | D:4      | Noticed Duvessa
  2318 | D:4      | Noticed Dowan
  2332 | D:4      | Killed Duvessa
  2333 | D:4      | Reached XP level 7. HP: 13/44 MP: 7/7
  2333 | D:4      | Killed from afar by Dowan

Illustrated notes

Levels and vault maps discovered:
D:1:      dpeg_arrival_stone_temple_mockup, layout_rooms, serial_shops,
          nicolae_shop_statue_plus
D:2:      layout_basic, corexii_corridor_pit, uniq_terence, uniq_jessica
D:3:      layout_basic, mainiacjoe_overflow_boulevard, fedhas_altar_3,
          overflow_temple_1_default, reono_crystal_passage,
          chequers_serial_rivers_marsh
D:4:      lemuel_castle_with_subvaults [lemuel_castle_interior_carwin_2],
          layout_rooms, general_overflow_altar, uniq_duvessa, uniq_robin

Skill      XL: |  1  2  3  4  5  6 |
---------------+-------------------+-----
Axes           | 2 3 4 |  4.5
Fighting       | 4 |  4.6
Shields        | 4 |  4.2
Armour         | 4 |  4.3
Translocations | 1 |  1.9

Action                     |  1- 3 |  4- 6 |  7- 9 || total
---------------------------+-------+-------+-------++-------
  Melee: War axe           |    57 |   127 |       ||   184
    Use: Scroll            |       |     8 |       ||     8
 Armour: Scale mail        |     3 |       |       ||     3
         Chain mail        |    38 |    84 |       ||   122
  Dodge: Dodged            |    18 |    44 |       ||    62
  Block: Buckler           |    15 |    35 |       ||    50

Table legend: (Time is in decaauts)
 A = Elapsed time spent in this place.
 B = Non-inter-level travel time spent in this place.
 C = Inter-level travel time spent in this place.
 D = Time resting spent in this place.
 E = Time spent auto-exploring this place.
 F = Levels seen in this place.
 G = Mean time per level.
                   A        B        C        D        E       F      G
               +--------+--------+--------+--------+--------+-----+--------+
         Total |   2409 |   2308 |    101 |    240 |   1496 |   4 |  602.2 |
       Dungeon |   2409 |   2308 |    101 |    240 |   1496 |   4 |  602.2 |
               +--------+--------+--------+--------+--------+-----+--------+

Top non-repeatable levels by time:
     D:3: 1006 daAuts
     D:1: 534 daAuts
     D:2: 476 daAuts
     D:4: 392 daAuts
